 Seeded DCSS version 0.29-a0-362-g5854e031c7 (webtiles) character file.

Game seed: 16159354105524068321 (custom seed)

39 zeratav the Shooter (level 3, 21/21 HPs)
             Began as a Tengu Hunter on Apr 29, 2022.
             Quit the game on level 2 of the Dungeon.
             The game lasted 00:02:33 (1239 turns).

zeratav the Shooter (Tengu Hunter)                  Turns: 1239, Time: 00:02:34

Health: 21/21      AC:  3    Str: 11    XL:     3   Next: 47%
Magic:  4/4        EV: 12    Int:  9    God:
Gold:   110        SH:  0    Dex: 19    Spells: 2/2 levels left

rFire   . . .      SeeInvis .   a - +1 shortbow {bow}
rCold   . . .      Faith    .   (shield currently unavailable)
rNeg    . . .      Spirit   .   b - +0 leather armour
rPois   +          Reflect  .   (helmet restricted)
rElec   .          Harm     .   (no cloak)
rCorr   .          Rampage  .   (no gloves)
Will    .....                   (boots unavailable)
Stlth   ++........              (no amulet)
HPRegen 0.07/turn               g - ring of poison resistance
MPRegen 0.09/turn               i - +4 ring of slaying

@: no status effects
A: beak, talons 3
a: no special abilities


You were on level 2 of the Dungeon.
You visited 1 branch of the dungeon, and saw 2 of its levels.

You collected 110 gold pieces.


Innate Abilities, Weirdness & Mutations

You have a beak for a mouth.
You have claws for feet.


   Skills:
 - Level 2.0 Fighting
 + Level 5.7 Bows
 - Level 2.1 Dodging
 - Level 1.0 Stealth


You had 2 spell levels left.
You didn't know any spells.
Your spell library was empty.

Inventory:

Hand Weapons
 a - a +1 shortbow (weapon) {bow}
Armour
 b - a +0 leather armour (worn)
 e - a +0 ring mail
   (You found it on level 1 of the Dungeon)
 h - a +0 leather armour
   (You found it on level 1 of the Dungeon)
 q - the +2 kite shield "Maggolom" {rPois rCorr}
   (You found it on level 2 of the Dungeon)

   rPois:     It protects you from poison.
   rCorr:     It protects you from acid and corrosion.
 r - a +0 ring mail
   (You found it on level 2 of the Dungeon)
Jewellery
 g - a ring of poison resistance (left hand)
   (You found it on level 1 of the Dungeon)
 i - a +4 ring of slaying (right hand)
   (You found it on level 1 of the Dungeon)
Scrolls
 c - a scroll of immolation {!r!r}
 k - a scroll of fear {unknown}
 l - 2 scrolls of blinking {unknown}
 m - a scroll of magic mapping {unknown}
 o - 4 scrolls of identify {unknown}
 p - a scroll of amnesia {unknown}
 t - a scroll of acquirement
Potions
 d - a potion of might {unknown}
 f - 2 potions of curing {unknown}
 j - a potion of cancellation {unknown}
 n - 2 potions of ambrosia {unknown}
 s - a potion of heal wounds {unknown}

Dungeon Overview and Level Annotations

Branches:
Dungeon (2/15)

Altars:

Annotations:
D:2 Terence

#.#........##.##..###.###
#.#.....................†
#.#.#############.#......
#.#.##............#####..
#.#.##............#######
#.#.#....................
#.#.#....................
#.#.##...........#....... #.#
+..@........+....... #.#
#...........#....... #.#
#...........#.......
######.####...........#.......
#........##...........#.......
#........##...........#.......
#........##############.......
###........## #.........
#...........### #.........


There were no monsters in sight!


Message History

The stone hits you.
HP[-1]
You take 1 damage, and now have 20/21 hp.
You shoot an arrow. The arrow hits the goblin!
You kill the goblin!
The kobold throws a stone.
The stone hits you.
HP[-2]
You take 2 damage, and now have 18/21 hp.
You shoot an arrow. The arrow hits the rat.
You kill the rat!
A goblin comes into view. It is wielding a +0 club.
The kobold throws a stone.
The stone completely misses you.
You shoot an arrow. The arrow hits the ball python!
You kill the ball python!
HP[+1]
You shoot an arrow. The arrow closely misses the kobold.
The kobold barely misses you.
You shoot an arrow. The arrow hits the kobold!
You kill the kobold!
You shoot an arrow. The arrow hits the goblin!
You kill the goblin!
No target in view!
No target in view!
Things that are here:
a +0 dagger {short}; 5 stones {throwing}; a kobold corpse HP[+2]
Your hp is fully restored (21).
Things that are here:
a +0 club {mace}; a goblin corpse
l - 2 scrolls labelled RULUOC GEASEAT (gained 1)
p - a scroll labelled MIK KOTAISIUR You now have 60 gold pieces (gained 16).
You see here a +0 dagger {short}.
A quokka comes into view.
A quokka is nearby!
You shoot an arrow. The arrow hits the quokka!
You kill the quokka!
No target in view!
No target in view!
As you open the door, it creaks loudly!
You hear a shout!
A hobgoblin comes into view.
A hobgoblin is nearby!
You shoot an arrow. The arrow hits the hobgoblin!
You kill the hobgoblin!
No target in view!
No target in view!
A bat comes into view.
A bat is nearby!
A bat is nearby!
You shoot an arrow. The arrow hits the bat.
You kill the bat!
No target in view!
You now have 71 gold pieces (gained 11).
You see here a stone {throwing}.
You see here a stone {throwing}.
You now have 72 gold pieces (gained 1).
A worm comes into view.
A worm is nearby!
A worm is nearby!
You shoot an arrow. The arrow hits the worm!
You shoot an arrow. The arrow hits the worm!
You shoot an arrow. The arrow hits the worm!
You kill the worm!
No target in view!
No target in view!
o - 3 scrolls labelled LOQAWN XUDAMO (gained 1)
q - the +2 kite shield "Maggolom" {rPois rCorr} An endoplasm comes into view.
An endoplasm is nearby!
You shoot an arrow. The arrow hits the endoplasm!
You kill the endoplasm!
No target in view!
No target in view!
No target in view!
You now have 86 gold pieces (gained 14).
You now have 96 gold pieces (gained 10).
r - a +0 ring mail
s - a blue potion
f - 2 lumpy green potions (gained 1)
You now have 106 gold pieces (gained 10).
A bat comes into view.
A bat is nearby!
You shoot an arrow. The arrow hits the bat.
You kill the bat!
No target in view!
No target in view!
No target in view!
You now have 110 gold pieces (gained 4).
Terence the Incautious comes into view.
He is wielding a +0 short sword.
A rat comes into view.
You see here a scroll labelled LOQAWN XUDAMO.
The rat twitches its whiskers.
You see here a scroll labelled LOQAWN XUDAMO.
You shoot an arrow. The arrow hits the rat!
You kill the rat!
No target in view!
o - 4 scrolls labelled LOQAWN XUDAMO (gained 1)
t - a scroll labelled HUCVORR PIDD This is a scroll of acquirement!
Are you sure you want to abandon this character and quit the game? (Confirm with "yes".)

Skill      XL: |  1  2 |
---------------+-------+-----
Bows           | 5 |  5.7
Fighting       | |  2.0
Dodging        | |  2.1
Stealth        | |  1.0

Action                   || total
-------------------------++-------
 Fire: Shortbow          ||    63
Armor: Leather armour    ||     3
Dodge: Dodged            ||     9

Levels and vault maps discovered:
D:1:      lightli_arrival_maybe_door_vault, layout_basic,
          chequers_ecumenical_altar_simple_redux
D:2:      layout_basic, grunt_ministairs_13, roderic_nine_men_s_morris,
          uniq_terence

Notes
Turn   | Place    | Note
-------+----------+-------------------------------------------
     0 | D:1      | zeratav the Tengu Hunter began the quest for the Orb.
     0 | D:1      | Reached XP level 1. HP: 12/12 MP: 2/2
     0 | D:1      | magus.rc [v1.9.6]
   157 | D:1      | Found a faded altar of an unknown god.
   181 | D:1      | Reached XP level 2. HP: 16/17 MP: 3/3
   316 | D:1      | Reached skill level 5 in Bows
   867 | D:1      | Reached XP level 3. HP: 21/21 MP: 4/4
  1141 | D:2      | Identified the +2 kite shield "Maggolom" {rPois rCorr}
  1215 | D:2      | Noticed Terence
  1239 | D:2      | Identified a scroll of acquirement
  1239 | D:2      | Quit the game

Vanquished Creatures
  A worm (D:2)
  3 dart slugs (D:1)
  2 endoplasms
  6 goblins
  3 hobgoblins
  A quokka (D:2)
  2 ball pythons
  3 bats
  3 kobolds
  6 rats
30 creatures vanquished.

Table legend:
 A = Non-vault XP
 B = Vault XP
 C = Vault XP percentage of total XP
 D = Non-vault monster count
 E = Vault monster count
 F = Vault count percentage of total count
                 A         B        C        D         E       F
            +---------+---------+-------+---------+---------+-------
      Total |      56 |       1 |   1.8 |      29 |       1 |   3.3
            +---------+---------+-------+---------+---------+-------
        D:1 |      35 |       0 |   0.0 |      18 |       0 |   0.0
        D:2 |      21 |       1 |   4.5 |      11 |       1 |   8.3
            +---------+---------+-------+---------+---------+-------

Illustrated notes

Table legend:
 A = Kills in this place as a percentage of kills in entire the game.
 B = Kills by you in this place as a percentage of kills by you in the entire game.
 C = Kills by friends in this place as a percentage of kills by friends in the entire game.
 D = Other kills in this place as a percentage of other kills in the entire game.
 E = Experience gained in this place as a percentage of experience gained in the entire game.
 F = Experience gained in this place divided by the number of levels of this place that you have seen.
                   A       B       C       D       E      F
               +-------+-------+-------+-------+-------+----------------------
         Total | 100.0 | 100.0 |   N/A |   N/A | 100.0 |  28.5
       Dungeon | 100.0 | 100.0 |   N/A |   N/A | 100.0 |  28.5
               +-------+-------+-------+-------+-------+----------------------

Table legend: (Time is in decaauts)
 A = Elapsed time spent in this place.
 B = Non-inter-level travel time spent in this place.
 C = Inter-level travel time spent in this place.
 D = Time resting spent in this place.
 E = Time spent auto-exploring this place.
 F = Levels seen in this place.
 G = Mean time per level.
                   A        B        C        D        E       F      G
               +--------+--------+--------+--------+--------+-----+--------+
         Total |   1257 |   1242 |     15 |      0 |   1098 |   2 |  628.5 |
       Dungeon |   1257 |   1242 |     15 |      0 |   1098 |   2 |  628.5 |
               +--------+--------+--------+--------+--------+-----+--------+

Top non-repeatable levels by time:
     D:1: 987 daAuts
     D:2: 269 daAuts
